 Dungeon Crawl Stone Soup version 0.18.1-5-g4a78601 (webtiles) character file.

87 Scarto the Skirmisher (level 4, -1/52 HPs)
             Began as a Demonspawn Berserker on May 11, 2016.
             Was a Believer of Trog.
             Slain by a gnoll
             ... wielding a +0 halberd
              (8 damage)
             ... on level 2 of the Dungeon.
             The game lasted 00:02:45 (1148 turns).

Scarto the Skirmisher (Demonspawn Berserker)        Turns: 1148, Time: 00:02:46

Health: -1/52      AC: 11    Str: 24    XL:     4   Next: 28%
Magic:  4/4        EV:  7    Int:  8    God:    Trog [**....]
Gold:   58         SH:  0    Dex: 12    Spells: 0 memorised, 3 levels left

rFire  + . .     SeeInvis .     a - +0 hand axe
rCold  x . .     Gourm    .     d - +0 plate armour
rNeg   . . .     Faith    .     (no shield)
rPois  .         Spirit   .     (no helmet)
rElec  .         Dismiss  .     (no cloak)
rCorr  .         Reflect  .     (no gloves)
SustAt .         Harm     .     (no boots)
MR     .....                    (no amulet)
Stlth  ..........               l - +4 ring of slaying
                                k - ring of fire

@: berserking, very quick, not resistant to hostile enchantments, extremely
unstealthy
A: nightstalker 1
a: Berserk, Trog's Hand, Burn Spellbooks, Renounce Religion


You were on level 2 of the Dungeon.
You worshipped Trog.
Trog was pleased with you.
You were not hungry.

You visited 1 branch of the dungeon, and saw 2 of its levels.

You collected 58 gold pieces.

Inventory:

Hand Weapons
 a - a +0 hand axe (weapon)
Armour
 d - a +0 plate armour (worn)
Jewellery
 k - a ring of fire (left hand)
 l - a +4 ring of slaying (right hand)
Scrolls
 b - a scroll of magic mapping {unknown}
 e - 5 scrolls of identify {unknown}
 h - a scroll of remove curse {unknown}
Potions
 f - a potion of brilliance {unknown}
 i - a potion of mutation {unknown}
 m - a potion of curing {unknown}
Comestibles
 c - 2 bread rations
 g - 4 fruits
 j - a royal jelly


   Skills:
 + Level 3.5 Fighting
 + Level 3.2 Axes
 + Level 2.7 Armour
 + Level 2.5 Dodging


You had 3 spell levels left.
You didn't know any spells.

Dungeon Overview and Level Annotations

Branches:
Dungeon (2/15)

Altars:
Trog


Innate Abilities, Weirdness & Mutations

You are slightly more attuned to the shadows.


Message History

The gnoll is heavily wounded.
The gnoll hits you but does no damage. The gnoll barely misses you.
You slash the gnoll!
You kill the gnoll!
Trog accepts your kill.
You slash the gnoll!
You feel the power of Trog in you as your rage grows.
You kill the gnoll!
Trog accepts your kill. The gnoll hits you with a halberd.
Things that are here:
9 gold pieces; a gnoll corpse You barely miss the gnoll.
The gnoll hits you with a halberd!
You closely miss the gnoll. You closely miss the gnoll.
The gnoll hits you with a halberd!
* * * LOW HITPOINT WARNING * * *
You slash the gnoll!
The gnoll is severely wounded.
The gnoll hits you with a halberd!
You die...

....######.# .##.#
####.#######
.##.###...........
..#.##......######
......#.......#
#.#.##......#.#
.#.###.##.##.#
#.#...#.##### #
#.. #..)@g#
.....(.)#.#
.......#.#.#
......#.#.#
#...###.#.# #...
#.#.# #.. #...#


You could see a gnoll.

Vanquished Creatures
  3 gnolls (D:2)
  An adder (D:2)
  An ooze (D:1)
  A giant gecko (D:2)
  4 bats
  A giant cockroach (D:1)
  10 goblins
  5 hobgoblins
  4 jackals (D:1)
  A giant newt (D:2)
  5 kobolds
  5 rats
41 creatures vanquished.

Notes
Turn   | Place    | Note
--------------------------------------------------------------
     0 | D:1      | Scarto the Demonspawn Berserker began the quest for the Orb.
     0 | D:1      | Reached XP level 1. HP: 18/18 MP: 1/1
   127 | D:1      | Gained mutation: You are slightly more attuned to the shadows. [demonic ancestry]
   127 | D:1      | Reached XP level 2. HP: 13/24 MP: 2/2
   490 | D:1      | Reached ** piety under Trog
   608 | D:1      | Reached XP level 3. HP: 26/29 MP: 3/3
  1000 | D:2      | Found a bloodstained altar of Trog.
  1136 | D:2      | Reached XP level 4. HP: 21/35 MP: 4/4
  1148 | D:2      | Slain by a gnoll

Skill      XL: |  1  2 |
---------------+-------+-----
Armour         | 2 |  2.7
Dodging        | 2 |  2.5
Axes           | 3 |  3.2
Fighting       | |  3.5

Action                   |  1- 3 |  4- 6 || total
-------------------------+-------+-------++-------
Melee: Hand axe          |   152 |     6 ||   158
Invok: Berserk           |       |     1 ||     1
  Eat: Bread ration      |       |     1 ||     1
Armor: Plate armour      |   112 |     6 ||   118
Dodge: Dodged            |    49 |     5 ||    54
